 Dungeon Crawl Stone Soup version 0.27-a0-592-g0306a34022 (webtiles) character file.

Game seed: 17094186707214818619

775 sahdkjhfkaj the Sneak (level 7, -2/50 HPs)
             Began as an Octopode Monk on Mar 11, 2021.
             Slain by a sky beast (6 damage)
             ... on level 5 of the Dungeon.
             The game lasted 00:06:06 (4934 turns).

sahdkjhfkaj the Sneak (Octopode Monk)               Turns: 4934, Time: 00:06:06

Health: -2/50      AC:  1    Str: 10    XL:     7   Next: 84%
Magic:  7/7        EV: 15    Int: 15    God:
Gold:   288        SH:  0    Dex: 14    Spells: 6/6 levels left

rFire    . . .     SeeInvis .   a - +0 spear
rCold    . . .     Faith    .   (no shield)
rNeg     . . .     Spirit   .   (helmet restricted)
rPois    .         Reflect  .   (no amulet)
rElec    .         Harm     .   (no ring)
rCorr    .         Rampage  .   (no ring)
Will     .....                  (no ring)
Stlth    ++++......             (no ring)
HPRegen  0.16/turn              (no ring)
MPRegen  0.10/turn              (no ring)
                                (no ring)
                                (no ring)

@: no status effects
A: almost no armour, amphibious, 8 rings, camouflage 1, gelatinous body 1,
nimble swimmer 1, tentacles
a: no special abilities


You were on level 5 of the Dungeon.
You visited 2 branches of the dungeon, and saw 6 of its levels.

You collected 288 gold pieces.

Inventory:

Hand Weapons
 a - a +0 spear (weapon)
Missiles
 g - a throwing net
 k - 44 poisoned darts (quivered)
Wands
 d - a wand of digging (6)
 q - a wand of flame (16)
Scrolls
 b - a scroll of amnesia
 f - 2 scrolls of teleportation {unknown}
 i - a scroll of random uselessness {unknown}
 m - a scroll of blinking {unknown}
 n - a scroll of enchant weapon {unknown}
 E - 6 scrolls of fear
 X - 3 scrolls of magic mapping {@r4}
Potions
 c - a potion of heal wounds {unknown}
 e - a potion of mutation {unknown}
 h - a potion of haste {unknown}
 j - a potion of brilliance {unknown}
 l - a potion of attraction {unknown}
 o - a potion of flight {unknown}
 C - a potion of cancellation


   Skills:
 - Level 5.0 Fighting
 + Level 2.4 Maces & Flails
 - Level 3.0 Polearms
 - Level 5.0 Dodging
 - Level 5.0 Stealth
 - Level 5.0 Evocations


You had 6 spell levels left.
You didn't know any spells.
Your spell library contained the following spells:

 Spells                   Type           Power      Damage    Failure   Level
 Corona                   Hex            0%         N/A       26%         1
 Ensorcelled Hibernation  Hex/Ice        0%         N/A       38%         2
 Confusing Touch          Hex            0%         N/A       63%         3
 Dazzling Flash           Conj/Hex       0%         N/A       63%         3
 Tukima's Dance           Hex            0%         N/A       63%         3


Dungeon Overview and Level Annotations

Branches:
Dungeon (5/15)             Temple (1/1) D:5

Altars:
Ashenzari
Cheibriados
Dithmenos
Elyvilon
Kikubaaqudgha
Makhleb
Nemelex Xobeh
Okawaru
Qazlal
Ru
Trog
Vehumet
Wu Jian
Xom
Yredelemnul
The Shining One


Innate Abilities, Weirdness & Mutations

You cannot wear most types of armour.
You are amphibious.
You can wear up to eight rings at the same time.
Your skin changes colour to match your surroundings (Stealth+).
Your rubbery body absorbs attacks. (AC +1, EV +1)
You are stealthy while swimming. (Stealth+)
You have tentacles for arms and can constrict up to eight enemies at once.


Message History

You barely miss the sky beast. You hit the sky beast but do no damage.
You squeeze the sky beast, but do no damage.
The sky beast hits you. The sky beast shocks you.
You closely miss the sky beast. The sky beast hits you.
The sky beast shocks you.
You closely miss the sky beast. You barely miss the sky beast.
You hit the sky beast. You squeeze the sky beast!
The sky beast is moderately wounded.
The sky beast hits you. The sky beast shocks you.
You closely miss the sky beast.
The sky beast is moderately wounded.
You hit the sky beast.
The sky beast is heavily wounded.
You hit the sky beast. You squeeze the sky beast.
The sky beast is severely wounded.
The sky beast hits you. The sky beast shocks you.
* * * LOW HITPOINT WARNING * * *
You hit the sky beast but do no damage.
You squeeze the sky beast, but do no damage.
The sky beast is severely wounded.
The sky beast hits you.
* * * LOW HITPOINT WARNING * * *
The sky beast shocks you.
* * * LOW HITPOINT WARNING * * *
You hit the sky beast but do no damage.
The sky beast is severely wounded.
The sky beast hits you.
* * * LOW HITPOINT WARNING * * *
The sky beast shocks you.
* * * LOW HITPOINT WARNING * * *
Unknown command.
Unknown command.
You hit the sky beast but do no damage.
The sky beast is severely wounded.
The sky beast hits you.
* * * LOW HITPOINT WARNING * * *
The sky beast shocks you.
You die...

#### ###..## ### ###..#..##
##. ### ##.# #.....#@.# #..
#.## ###.## #.....##Y#
#..## ##.# ...## #.....#
..# #...####... ...#
##.....###..###...##.....
...#
#...#...##...............
...#
##...#.................###
...##
##...>#......####..<.......
.#..###..#..#.....#
##..........
###..#..###.......#
#.......###.


You could see a sky beast.

Vanquished Creatures
  Sigmund (D:4)
  An ogre (D:3)
  A scorpion (D:4)
  A howler monkey (D:5)
  2 hounds
  2 bullfrog skeletons
  An iguana (D:4)
  Ijyb (D:5)
  2 orc wizards (D:5)
  2 worker ants
  8 adders
  A worm (D:5)
  3 dart slugs
  4 leopard geckos
  8 orcs
  2 ball pythons
  8 giant cockroaches
  11 goblins
  7 hobgoblins
  9 kobolds
  4 quokkas
  9 bats
  6 frilled lizards
  3 quokka skeletons
  8 rats
105 creatures vanquished.

Notes
Turn   | Place    | Note
-------+----------+-------------------------------------------
     0 | D:1      | sahdkjhfkaj the Octopode Monk began the quest for the Orb.
     0 | D:1      | Reached XP level 1. HP: 16/16 MP: 1/1
    27 | D:1      | Reached XP level 2. HP: 21/21 MP: 2/2
   309 | D:1      | Reached XP level 3. HP: 17/26 MP: 3/3
   459 | D:1      | Reached skill level 5 in Stealth
   685 | D:2      | Found a sparkling altar of Nemelex Xobeh.
   687 | D:2      | Found a broken altar of Ashenzari.
   687 | D:2      | Found a burning altar of Makhleb.
   743 | D:2      | Reached skill level 1 in Maces & Flails
  1331 | D:2      | Reached XP level 4. HP: 29/31 MP: 4/4
  1498 | D:2      | Reached skill level 1 in Evocations
  2136 | D:3      | Reached XP level 5. HP: 34/36 MP: 5/5
  2394 | D:4      | Noticed an ogre
  2412 | D:3      | Killed an ogre
  2469 | D:4      | Reached skill level 5 in Evocations
  2469 | D:4      | Reached XP level 6. HP: 41/42 MP: 6/6
  2475 | D:4      | Noticed Sigmund
  2488 | D:4      | Killed Sigmund
  2796 | D:4      | Reached XP level 7. HP: 47/49 MP: 7/7
  2876 | D:4      | Found Ywkil's Magic Scroll Shop.
  2985 | D:4      | Reached skill level 5 in Fighting
  3356 | D:4      | Found an ornate altar of the Wu Jian Council.
  3640 | D:5      | Entered Level 5 of the Dungeon
  4170 | D:5      | Found a staircase to the Ecumenical Temple.
  4179 | D:5      | Noticed Ijyb
  4196 | D:5      | Killed Ijyb
  4203 | Temple   | Entered the Ecumenical Temple
  4439 | D:5      | Reached skill level 5 in Dodging
  4934 | D:5      | Slain by a sky beast

Illustrated notes

Levels and vault maps discovered:
D:1:      wander_arrival_fairy_ring, layout_rooms
D:2:      layout_basic, chequers_temple_overflow_statue_of_worship,
          minmay_goblin_outpost
D:3:      layout_basic
D:4:      layout_basic, nicolae_wu_jian_glorious_leap, serial_shops,
          nicolae_shop_crystal, kennysheep_generic_room_14, uniq_sigmund
D:5:      layout_layer_cave, minmay_temple_entry_slanted, uniq_ijyb
Temple:   nicolae_temple_hex_pool

Skill      XL: |  1  2  3  4  5  6  7 |
---------------+----------------------+-----
Stealth        | 3 4 5 |  5.0
Maces & Flails | 2 |  2.4
Evocations     | 2 5 |  5.0
Fighting       | 4 5 |  5.0
Dodging        | 5 |  5.0
Polearms       | |  3.0

Action                   |  1- 3 |  4- 6 |  7- 9 || total
-------------------------+-------+-------+-------++-------
Melee: Spear             |    92 |   111 |   120 ||   323
       Constrict         |    21 |    25 |    19 ||    65
       Tentacles         |    11 |    19 |    28 ||    58
Throw: Dart              |       |     9 |    21 ||    30
  Use: Scroll            |       |     5 |       ||     5
       Potion            |       |       |     1 ||     1
 Stab: Sleeping          |    10 |     4 |     6 ||    20
       Distracted        |       |     1 |       ||     1
Armor: Skin              |     4 |       |     1 ||     5
Dodge: Dodged            |    50 |    59 |    59 ||   168

Table legend: (Time is in decaauts)
 A = Elapsed time spent in this place.
 B = Non-inter-level travel time spent in this place.
 C = Inter-level travel time spent in this place.
 D = Time resting spent in this place.
 E = Time spent auto-exploring this place.
 F = Levels seen in this place.
 G = Mean time per level.
                   A        B        C        D        E       F      G
               +--------+--------+--------+--------+--------+-----+--------+
         Total |   4920 |   4823 |     97 |    359 |   3733 |   6 |  820.0 |
       Dungeon |   4737 |   4648 |     89 |    359 |   3559 |   5 |  947.4 |
        Temple |    182 |    174 |      8 |      0 |    174 |   1 |  182.0 |
               +--------+--------+--------+--------+--------+-----+--------+

Top non-repeatable levels by time:
     D:4: 1420 daAuts
     D:2: 1178 daAuts
     D:5: 871 daAuts
     D:1: 682 daAuts
     D:3: 585 daAuts
  Temple: 182 daAuts
